 Dungeon Crawl Stone Soup version 0.28-a0-1629-gf728b707aa (webtiles) character file.

Game seed: 5032301925919840129

207 HallandMoats the Skirmisher (level 5, -1/46 HPs)
             Began as a Ghoul Fighter on Jan 24, 2022.
             Slain by Duvessa (10 damage)
             ... on level 4 of the Dungeon.
             The game lasted 00:05:24 (4293 turns).

HallandMoats the Skirmisher (Ghoul Fighter)         Turns: 4293, Time: 00:05:25

Health: -1/46      AC:  9    Str: 19 (20) XL:     5   Next: 85%
Magic:  4/4        EV:  9    Int:  4 (5)  God:
Gold:   396        SH:  4    Dex:  7 (8)  Spells: 4/4 levels left

rFire   . . .      SeeInvis .   b - +1 hunting sling (flame)
rCold   + . .      Faith    .   c - +0 buckler
rNeg    + + +      Spirit   .   h - +0 scale mail
rPois   ∞          Reflect  .   o - +1 helmet
rElec   .          Harm     .   (no cloak)
rCorr   .          Rampage  .   (no gloves)
Will    .....                   (no boots)
Stlth   ..........              (no amulet)
HPRegen 0.00/turn               (no ring)
MPRegen 0.09/turn               (no ring)

@: flying, inhibited regen, hasted, very quick
A: claws 1, cold resistance 1, negative energy resistance 3, inhibited
regeneration, torment resistance 2
a: no special abilities


You were on level 4 of the Dungeon.
You visited 1 branch of the dungeon, and saw 4 of its levels.
You also visited: Ossuary.

You collected 396 gold pieces.

Inventory:

Hand Weapons
 a - a +0 long sword
 b - a +1 hunting sling of flaming (weapon)
Missiles
 i - 73 stones (quivered ammo)
 l - 22 sling bullets
Armour
 c - a +0 buckler (worn)
 h - a +0 scale mail (worn)
 o - a +1 helmet (worn)
Scrolls
 e - 2 scrolls of blinking
 j - a scroll of fog {unknown}
 k - a scroll of silence
 q - a scroll of identify
 r - a scroll of brand weapon {unknown}
 s - 2 scrolls of teleportation {unknown}
 u - a scroll of fear {unknown}
Potions
 d - a potion of might
 g - a potion of lignification
 m - 2 potions of attraction
 p - 2 potions of haste


   Skills:
 + Level 4.1 Fighting
 - Level 2.5 Long Blades
 * Level 2.0 Slings
 + Level 3.4 Armour
 + Level 1.3 Dodging
 + Level 3.4 Shields


You had 4 spell levels left.
You didn't know any spells.
Your spell library contained the following spells:

 Spells                   Type           Power      Damage    Failure   Level
 Scorch                   Fire           0%         2d5       98%         2
 Flame Wave               Conj/Fire      0%         2d4       100%        4
 Summon Cactus Giant      Summ           0%         N/A       100%        6


Dungeon Overview and Level Annotations

Branches:
Dungeon (4/15)            Ossuary (visited)
 Temple: D:4-7

Altars:

Annotations:
D:4 Dowan, Duvessa


Innate Abilities, Weirdness & Mutations

You thrive by killing the living.
You are immune to poison.
You have sharp fingernails.
Your flesh is cold resistant. (rC+)
You are immune to negative energy. (rN+++)
You do not regenerate when monsters are visible.
You are immune to unholy pain and torment.


Message History

Unknown command.
It was a potion of attraction.
You feel attractive to monsters. Duvessa closely misses you.
It was a potion of cancellation.
Your magical effects are unravelling.
You feel magically purged.
You feel a little less mighty now. Duvessa barely misses you.
You feel less attractive to monsters.
It was a potion of curing.
You feel better. Duvessa barely misses you.
You feel better. Duvessa hits you with a +0 short sword.
Fire: 75 stones
Press: ? - help, Q - select action, (/) - cycle Shift-Dir - straight line, f/p - Duvessa
Aim: Duvessa, wielding a +0 short sword and wearing a +0 leather armour (severely wounded, 63% to hit)
You shoot a stone. The stone hits Duvessa.
The stone burns Duvessa.
Duvessa is severely wounded.
Duvessa hits you with a +0 short sword!
* * * LOW HITPOINT WARNING * * *
Fire: 74 stones
Press: ? - help, Q - select action, (/) - cycle Shift-Dir - straight line, f/p - Duvessa
Aim: Duvessa, wielding a +0 short sword and wearing a +0 leather armour (severely wounded, 63% to hit)
You shoot a stone. The stone closely misses Duvessa.
You block Duvessa's attack.
Fire: 73 stones
Press: ? - help, Q - select action, (/) - cycle Shift-Dir - straight line, f/p - Duvessa
Aim: Duvessa, wielding a +0 short sword and wearing a +0 leather armour (severely wounded, 63% to hit)
Okay, then.
Unknown command.
It was a potion of lignification.
You feel woody for a moment. Duvessa hits you but does no damage.
It was a potion of degeneration.
There was something very wrong with that liquid.
You feel weakened.
You feel dopey.
You feel clumsy. You block Duvessa's attack.
It was a potion of haste.
You feel yourself speed up. You block Duvessa's attack.
It was a potion of flight.
You feel very buoyant.
You fly up into the air.
Duvessa hits you with a +0 short sword!
You die...

...... #....###.# ######....
#......#.# .........
#....#.#.#
......|.##########.#...#.#
...................#...#.#
........############..##.###
.......e........# #........
........#######.# #...#.###
........#..@..#.# #........
........#.(e..#.## #...<..##
........#.#.#.#..###.##...##
........#.#.#.#.........>...
........###.###..########.#.
######....((.....# #.#.
#...####....# #.#. #####
###### #.#. #†#.


You could see Duvessa.

Vanquished Creatures
  8 mummies (Ossuary)
  2 adders
  An orc (D:3)
  8 ball pythons
  8 bats
  6 endoplasms
  6 giant cockroaches
  2 gnoll zombies (Ossuary)
  5 goblins
  7 hobgoblins
  2 jackals (D:3)
  4 quokkas
  4 frilled lizards
  2 hobgoblin zombies (Ossuary)
  13 kobolds
  2 kobold zombies (Ossuary)
  2 orc zombies (Ossuary)
  2 rats (D:1)
  2 rat zombies (D:4)
86 creatures vanquished.

Vanquished Creatures (others)
  7 plants (D:1)
7 creatures vanquished.

Grand Total: 93 creatures vanquished

Notes
Turn   | Place    | Note
-------+----------+-------------------------------------------
     0 | D:1      | HallandMoats the Ghoul Fighter began the quest for the Orb.
     0 | D:1      | Reached XP level 1. HP: 19/19 MP: 0/0
   137 | D:1      | Reached XP level 2. HP: 26/26 MP: 1/1
   691 | D:1      | Reached XP level 3. HP: 31/31 MP: 2/2
  2025 | D:3      | Reached XP level 4. HP: 40/40 MP: 3/3
  2338 | D:3      | Found a faded altar of an unknown god.
  2741 | D:3      | Reached skill level 1 in Slings
  3440 | D:4      | Found a sand-covered staircase.
  3493 | D:4      | Noticed Dowan
  3494 | D:4      | Noticed Duvessa
  3552 | Ossuary  | Entered an ossuary
  3685 | Ossuary  | Reached skill level 1 in Dodging
  3685 | Ossuary  | Reached XP level 5. HP: 40/46 MP: 4/4
  3742 | Ossuary  | Reached skill level 4 in Fighting
  4282 | D:4      | HP: 2/46 [Duvessa (4)]
  4293 | D:4      | Slain by Duvessa

Illustrated notes

Levels and vault maps discovered:
D:1:      psy_arrival_spokes, layout_basic, lexackson_kobold_supper
D:2:      layout_rooms
D:3:      layout_loops_ring, hellmonk_ecumenical_altar_slurped_away
D:4:      minmay_chambers_of_fours, layout_basic, enter_ossuary_4, minivault_1,
          kennysheep_generic_room_12, uniq_duvessa

Skill      XL: |  1  2  3  4  5 |
---------------+----------------+-----
Long Blades    | 2 |  2.5
Shields        | 3 |  3.4
Armour         | 3 |  3.4
Slings         | 1 2 |  2.0
Dodging        | 1 |  1.3
Fighting       | 4 |  4.1

Action                   |  1- 3 |  4- 6 || total
-------------------------+-------+-------++-------
Melee: Long sword        |    82 |       ||    82
 Fire: Hunting sling     |    49 |   195 ||   244
  Use: Scroll            |       |     4 ||     4
       Potion            |       |     9 ||     9
Armor: Scale mail        |    50 |    42 ||    92
Dodge: Dodged            |    51 |    42 ||    93
Block: Buckler           |    19 |    29 ||    48

Table legend: (Time is in decaauts)
 A = Elapsed time spent in this place.
 B = Non-inter-level travel time spent in this place.
 C = Inter-level travel time spent in this place.
 D = Time resting spent in this place.
 E = Time spent auto-exploring this place.
 F = Levels seen in this place.
 G = Mean time per level.
                   A        B        C        D        E       F      G
               +--------+--------+--------+--------+--------+-----+--------+
         Total |   4366 |   4228 |    138 |    258 |   3241 |   5 |  873.2 |
       Dungeon |   3652 |   3514 |    138 |      0 |   2929 |   4 |  913.0 |
       Ossuary |    713 |    713 |      0 |    258 |    312 |   1 |  713.0 |
               +--------+--------+--------+--------+--------+-----+--------+

Top non-repeatable levels by time:
     D:1: 1426 daAuts
     D:3: 1012 daAuts
 Ossuary: 713 daAuts
     D:4: 619 daAuts
     D:2: 594 daAuts
